 Dungeon Crawl Stone Soup version 0.28-a0-991-g956f0ee3d5 (webtiles) character file.

Game seed: 18304392480019764734

109 bearlyready the Poker (level 4, -8/35 HPs)
             Began as a Merfolk Fighter on Dec 4, 2021.
             Mangled by a gnoll (9 damage)
             ... on level 3 of the Dungeon.
             The game lasted 00:03:10 (1842 turns).

bearlyready the Poker (Merfolk Fighter)             Turns: 1842, Time: 00:03:10

Health: -8/35      AC:  7    Str: 18    XL:     4   Next: 90%
Magic:  4/4        EV:  9    Int:  7    God:
Gold:   71         SH:  4    Dex: 13    Spells: 3/3 levels left

rFire   . . .      SeeInvis .   a - +0 trident
rCold   . . .      Faith    .   c - +0 buckler
rNeg    . . .      Spirit   .   b - +0 scale mail
rPois   .          Reflect  .   (no helmet)
rElec   .          Harm     .   h - +0 cloak
rCorr   .          Rampage  .   (no gloves)
Will    .....                   (no boots)
Stlth   ..........              (no amulet)
HPRegen 0.11/turn               (no ring)
MPRegen 0.09/turn               (no ring)

@: no status effects
A: (nimble swimmer 2), mertail
a: no special abilities


You were on level 3 of the Dungeon.
You visited 1 branch of the dungeon, and saw 4 of its levels.

You collected 71 gold pieces.

Inventory:

Hand Weapons
 a - a +0 trident (weapon)
 g - a +0 hunting sling
Missiles
 e - 6 sling bullets
 f - 37 stones (quivered)
Armour
 b - a +0 scale mail (worn)
 c - a +0 buckler (worn)
 h - a +0 cloak (worn)
Scrolls
 i - a scroll of enchant weapon {unknown}
 j - a scroll of immolation {unknown}
 k - a scroll of magic mapping {unknown}
 m - a scroll of amnesia {unknown}
 n - a scroll of enchant armour {unknown}
Potions
 d - 2 potions of might
 l - a potion of invisibility {unknown}


   Skills:
 - Level 3.2 Fighting
 + Level 7.1 Polearms
 - Level 2.1 Armour
 - Level 3.0 Shields


You had 3 spell levels left.
You didn't know any spells.
Your spell library contained the following spells:

 Spells                   Type           Power      Damage    Failure   Level
 Foxfire                  Conj/Fire      0%         2x1d4     86%         1
 Conjure Flame            Conj/Fire      0%         6-21      99%         3
 Inner Flame              Hex/Fire       0%         N/A       99%         3
 Flame Wave               Conj/Fire      0%         2d4       100%        4


Dungeon Overview and Level Annotations

Branches:
Dungeon (4/15)
 Temple: D:4-7

Altars:

Shops:
D:1 *

Annotations:
D:2 Natasha


Innate Abilities, Weirdness & Mutations

((You are quick and stealthy near water. (Stealth+, EV+, Speed+++)))
Your lower body shifts to a powerful aquatic tail in water.


Message History

The gnoll hits you with a +0 whip! You block the gnoll's attack.
You hit the gnoll but do no damage.
The gnoll is moderately wounded.
The gnoll hits you with a +0 whip.
The gnoll hits you from afar with a +0 halberd!
You are too injured to fight recklessly!
You are too injured to fight recklessly!
You are too injured to fight recklessly!
You are too injured to fight recklessly!
You are too injured to fight recklessly!
You are too injured to fight recklessly!
You are too injured to fight recklessly!
You are too injured to fight recklessly!
You are too injured to fight recklessly!
You are too injured to fight recklessly!
You are too injured to fight recklessly!
You are too injured to fight recklessly!
You are too injured to fight recklessly!
You are too injured to fight recklessly!
You hit the gnoll.
The gnoll is heavily wounded.
The gnoll hits you with a +0 whip! The gnoll barely misses you.
The gnoll barely misses you.
The gnoll hits you from afar with a +0 halberd!
* * * LOW HITPOINT WARNING * * *
The gnoll throws a throwing net.
The throwing net closely misses you.
The gnoll throws a stone.
You block the stone.
You see here a throwing net.
The gnoll throws a throwing net.
The throwing net hits you.
You become entangled in the net!
You see here a throwing net.
You tear a large gash into the net.
You struggle against the net.
The gnoll hits you from afar with a +0 halberd.
* * * LOW HITPOINT WARNING * * *
The gnoll hits you with a +0 whip.
* * * LOW HITPOINT WARNING * * *
You rip the net and break free!
The gnoll hits you from afar with a +0 halberd!
You die...

..g# ####### #....# ....#
#.....# #....# .....#
#.....# #....# ......#
#.....# #.g..# ....####
#...### ##'### #...#
#g###### #...# #......#
..###.g.###########.#####
........g@..............).
.#.##############.########
#.......# #...รท.#.#
...######.#######
...'.............
..######.#######
#.....#........
#.....#.....###


You could see 2 gnolls.

Vanquished Creatures
  2 gnolls (D:3)
  3 adders (D:3)
  8 orcs
  2 bats (D:1)
  4 endoplasms
  7 giant cockroaches (D:1)
  A goblin (D:3)
  4 hobgoblins
  6 jackals (D:1)
  2 quokkas
  3 ball pythons
  2 frilled lizards
  A kobold (D:2)
  9 rats (D:1)
54 creatures vanquished.

Notes
Turn   | Place    | Note
-------+----------+-------------------------------------------
     0 | D:1      | bearlyready the Merfolk Fighter began the quest for the
                  | Orb.
     0 | D:1      | Reached XP level 1. HP: 18/18 MP: 1/1
     1 | D:1      | Found a runed translucent door.
   329 | D:1      | Reached skill level 4 in Polearms
   329 | D:1      | Reached XP level 2. HP: 24/24 MP: 2/2
   595 | D:1      | Found Feyhogg's Assorted Antiques.
   797 | D:1      | Reached skill level 5 in Polearms
   797 | D:1      | Reached XP level 3. HP: 16/29 MP: 3/3
  1000 | D:2      | Found a faded altar of an unknown god.
  1094 | D:2      | Noticed Natasha
  1095 | D:2      | You fall into a shaft and drop 2 floors!
  1302 | D:3      | Reached skill level 6 in Polearms
  1302 | D:3      | Reached XP level 4. HP: 27/35 MP: 4/4
  1612 | D:4      | Noticed a necrophage
  1673 | D:3      | Reached skill level 7 in Polearms
  1841 | D:3      | HP: 1/35 [gnoll (2)]
  1842 | D:3      | Mangled by a gnoll

Illustrated notes

Levels and vault maps discovered:
D:1:      dpeg_arrival_caged_fury, layout_loops_ring, serial_shops, shop
D:2:      kennysheep_six_static_rooms, layout_basic,
          shapermc_ecumenical_altar_starsandcircs, minivault_24, uniq_natasha
D:3:      layout_basic, uniq_crazy_yiuf_cottage
D:4:      kennysheep_spiral_hall, layout_cave_pools, uniq_blork_the_orc

Skill      XL: |  1  2  3  4 |
---------------+-------------+-----
Polearms       | 4 5 6 7 |  7.1
Fighting       | |  3.2
Armour         | |  2.1
Shields        | |  3.0

Action                   |  1- 3 |  4- 6 || total
-------------------------+-------+-------++-------
Melee: Trident           |   125 |    50 ||   175
Armor: Scale mail        |    54 |    12 ||    66
Dodge: Dodged            |    57 |    26 ||    83
Block: Buckler           |    24 |    12 ||    36

Table legend: (Time is in decaauts)
 A = Elapsed time spent in this place.
 B = Non-inter-level travel time spent in this place.
 C = Inter-level travel time spent in this place.
 D = Time resting spent in this place.
 E = Time spent auto-exploring this place.
 F = Levels seen in this place.
 G = Mean time per level.
                   A        B        C        D        E       F      G
               +--------+--------+--------+--------+--------+-----+--------+
         Total |   1853 |   1828 |     25 |    126 |   1277 |   4 |  463.2 |
       Dungeon |   1853 |   1828 |     25 |    126 |   1277 |   4 |  463.2 |
               +--------+--------+--------+--------+--------+-----+--------+

Top non-repeatable levels by time:
     D:1: 993 daAuts
     D:3: 538 daAuts
     D:4: 212 daAuts
     D:2: 109 daAuts
